 Dungeon Crawl Stone Soup version 0.27-a0-765-ge4d627daa3 (webtiles) character file.

Game seed: 10871745482051224284

0 LuckyCharm the Grasshopper (level 1, -3/19 HPs)
             Began as a Naga Warper on Mar 24, 2021.
             Slain by a hobgoblin (6 damage)
             ... on level 1 of the Dungeon.
             The game lasted 00:01:00 (17 turns).

LuckyCharm the Grasshopper (Naga Warper)              Turns: 17, Time: 00:01:00

Health: -3/19      AC:  1    Str: 13    XL:     1   Next: 0%
Magic:  3/3        EV:  9    Int: 13    God:
Gold:   0          SH:  0    Dex: 10    Spells: 4/4 levels left

rFire    . . .     SeeInvis +   a - +0 spear
rCold    . . .     Faith    .   (no shield)
rNeg     . . .     Spirit   .   b - +0 leather armour
rPois    +         Reflect  .   (no helmet)
rElec    .         Harm     .   (no cloak)
rCorr    .         Rampage  .   (no gloves)
Will     .....                  (no barding)
Stlth    +.........             (no amulet)
HPRegen  0.06/turn              (no ring)
MPRegen  0.08/turn              (no ring)

@: very slow
A: AC +0, large, see invisible, deformed body, poison resistance, slowness 2,
spit poison 1, naga tail 1
a: Spit Poison


You were on level 1 of the Dungeon.
You visited 1 branch of the dungeon, and saw 1 of its levels.

Inventory:

Hand Weapons
 a - a +0 spear (weapon)
Missiles
 e - 5 boomerangs of dispersal (quivered)
Armour
 b - a +0 leather armour (worn)
Scrolls
 d - a scroll of blinking


   Skills:
 + Level 2.0 Fighting
 + Level 2.0 Polearms
 + Level 0.8 Throwing
 + Level 0.7 Armour
 + Level 1.5 Dodging
 + Level 2.0 Spellcasting
 + Level 3.0 Translocations


You had 4 spell levels left.
You didn't know any spells.
Your spell library contained the following spells:

 Spells                   Type           Power      Damage    Failure   Level
 Blink                    Tloc           N/A        N/A       14%         2
 Gell's Gravitas          Tloc           4%         N/A       28%         3
 Lesser Beckoning         Tloc           4%         N/A       28%         3
 Teleport Other           Tloc           9%         N/A       28%         3
 Manifold Assault         Tloc           9%         N/A       67%         4


Dungeon Overview and Level Annotations

Branches:
Dungeon (1/15)

Altars:

Shops:
D:1 *


Innate Abilities, Weirdness & Mutations

Your serpentine skin is tough. (AC +0)
You have supernaturally acute eyesight. (SInv)
Armour fits poorly on your strangely shaped body.
Your system is resistant to poisons. (rPois)
You cover ground very slowly.
You can spit poison.
You have a snake-like lower body.


Message History

Press ? for a list of commands and other information.
Found a robe.
Found a staircase leading out of the dungeon.
Okay, then.
You see here a +0 robe.
You open the door.
There is an open door here.
You open the door.
A jackal and a hobgoblin come into view.
The jackal barks!
The hobgoblin shouts!
A jackal comes into view.
The jackal moves out of view.
Found Duipo's Assorted Antiques.
There is an open door here.
You don't know any spells.
Okay, then.
The jackal barks!
A kobold comes into view. It is wielding a +0 whip.
The kobold moves out of view.
You hit the jackal.
The jackal is moderately wounded.
The jackal bites you.
You hit the jackal.
The jackal is heavily wounded.
The jackal bites you. x2
You hit the jackal but do no damage.
The jackal is heavily wounded.
The hobgoblin hits you but does no damage.
The jackal bites you. The hobgoblin hits you!
* * * LOW HITPOINT WARNING * * *
The hobgoblin barely misses you.
You are too injured to fight recklessly!
You are too injured to fight recklessly!
You are too injured to fight recklessly!
You are too injured to fight recklessly!
You hit the jackal.
You kill the jackal!
The hobgoblin hits you.
You die...

....♣∩ #.....
#....♣# .
#.....# ..
#.....#
..###.....#
..........#
#.##g# #..h@#
####'####
##PP#[#PP##
##P.P#.#≈≈P##
##P...#.#≈≈≈P##
#P....#.#≈≈≈≈P#
#P....#.#≈≈≈≈P#
#######.#######
+......<......+


You could see a jackal and a hobgoblin.

Vanquished Creatures
  A jackal (D:1)
1 creature vanquished.

Notes
Turn   | Place    | Note
-------+----------+-------------------------------------------
     0 | D:1      | LuckyCharm the Naga Warper began the quest for the Orb.
     0 | D:1      | Reached XP level 1. HP: 19/19 MP: 3/3
    10 | D:1      | Found Duipo's Assorted Antiques.
    17 | D:1      | Slain by a hobgoblin

Illustrated notes

Levels and vault maps discovered:
D:1:      psy_arrival_terrarium, layout_basic, serial_shops, nicolae_shop_trees

Action                   || total
-------------------------++-------
Melee: Spear             ||     4
Armor: Leather armour    ||     1
Dodge: Dodged            ||     1

Table legend: (Time is in decaauts)
 A = Elapsed time spent in this place.
 B = Non-inter-level travel time spent in this place.
 C = Inter-level travel time spent in this place.
 D = Time resting spent in this place.
 E = Time spent auto-exploring this place.
 F = Levels seen in this place.
 G = Mean time per level.
                   A        B        C        D        E       F      G
               +--------+--------+--------+--------+--------+-----+--------+
         Total |     21 |     21 |      0 |      0 |     13 |   1 |   21.0 |
       Dungeon |     21 |     21 |      0 |      0 |     13 |   1 |   21.0 |
               +--------+--------+--------+--------+--------+-----+--------+

Top non-repeatable levels by time:
     D:1: 21 daAuts
